 Dungeon Crawl Stone Soup version 0.24.0-2-g5b39cebb1c (webtiles) character file.

Game seed: 7048258402736763444, levelgen mode: deterministic

121 Esekla the Slasher (level 5, -3/36 HPs)
             Began as an Octopode Abyssal Knight on Oct 29, 2019.
             Was a Follower of Lugonu.
             Slain by an iguana (4 damage)
             ... on level 3 of the Dungeon.
             The game lasted 00:08:55 (1757 turns).

Esekla the Slasher (Octopode Abyssal Knight)        Turns: 1757, Time: 00:08:55

Health: -3/36      AC:  3    Str: 11    XL:     5   Next: 5%
Magic:  6/6        EV: 14    Int: 14    God:    Lugonu [*.....]
Gold:   70         SH:  0    Dex: 13    Spells: 4/4 levels left

rFire    . . .     SeeInvis .   a - +1 falchion
rCold    . . .     Gourm    .   (no shield)
rNeg     . . .     Faith    .   h - +2 hat
rPois    .         Spirit   .   r - amulet of rage
rElec    .         Reflect  .   g - ring of teleportation (curse)
rCorr    .         Harm     .   (no ring)
MR       .....     Rnd*Tele +   (no ring)
Stlth    +++.......             (no ring)
HPRegen  0.12/turn              (no ring)
MPRegen  0.10/turn              (no ring)
                                (no ring)
                                (no ring)

@: no status effects
A: almost no armour, stealthy swim, amphibious, 8 rings, constrict 8, camouflage
1, gelatinous body 1
a: Depart the Abyss, Renounce Religion, Evoke Berserk Rage


You were on level 3 of the Dungeon.
You worshipped Lugonu.
Lugonu was aware of your devotion.
You were not hungry.

You visited 1 branch of the dungeon, and saw 3 of its levels.
You visited the Abyss 1 time.

You collected 70 gold pieces.

Inventory:

Hand Weapons
 a - a +1 falchion (weapon)
 f - a +0 dagger
 l - a +0 spear
Missiles
 d - 15 poisoned darts (quivered)
Armour
 h - a +2 hat (worn)
Jewellery
 g - a cursed ring of teleportation (left tentacle)
 r - an amulet of rage (around mantle)
Scrolls
 e - 5 scrolls of identify
 m - a scroll of immolation {unknown}
 n - a scroll of enchant weapon {unknown}
 o - a scroll of teleportation {unknown}
 p - a scroll of fog {unknown}
Potions
 c - a potion of mutation
 i - a potion of curing {unknown}
 j - a potion of resistance {unknown}
 k - 2 potions of brilliance {unknown}
 q - 3 potions of lignification {unknown}
Comestibles
 b - 4 rations


   Skills:
 + Level 3.5 Fighting
 * Level 3.8 Long Blades
 * Level 2.7 Dodging
 + Level 2.3 Stealth
 + Level 2.2 Invocations


You had 4 spell levels left.
You didn't know any spells.
Your spell library was empty.

Dungeon Overview and Level Annotations

Branches:
Dungeon (3/15)

Altars:
Cheibriados

Annotations:
D:3 Terence


Innate Abilities, Weirdness & Mutations

You cannot wear most types of armour.
You are very stealthy in the water. (Stealth+)
You are amphibious.
You can wear up to eight rings at the same time.
You can use your tentacles to constrict eight enemies at once.
Your skin changes colour to match your surroundings (Stealth+).
Your rubbery body absorbs attacks. (AC +1, EV +1)


Message History

You feel strangely unstable.
You are suddenly yanked towards some nearby monsters!
Your surroundings seem slightly different.
Terence the Incautious comes into view.
He is wielding a -3 short sword.
Terence shouts!
A hobgoblin comes into view. It is wielding a +0 morningstar.
Found a scroll labeled ITIOBAUJOG.
The helpless iguana fails to defend itself.
You hit the iguana. You grab the iguana.
The iguana is lightly wounded.
You constrict the iguana. The iguana bites you!
You hit the iguana.
The iguana is moderately wounded.
You constrict the iguana. The iguana bites you!
* * * LOW HITPOINT WARNING * * *
You barely miss the iguana. You squeeze the iguana.
The iguana is heavily wounded.
You constrict the iguana, but do no damage.
The iguana bites you.
You die...

.......#.........................
....................##...........
..........#.........##...........
..........#.........##.....##....
####.......................##....
.# #.........###.................
.# #.........# #.................
.###.........###.......)......###
................@l............###
###....###......#########........
.................................
###............@#####............
##.......<...................#.#.
....................... #.#.
.........####.......... #.
.........# ##......#.. ..
.........# #......# .


You could see Terence and an iguana.

Vanquished Creatures
  4 gnolls (D:2)
  3 adders
  A dart slug (D:1)
  A leopard gecko (D:1)
  A ball python (D:2)
  4 bats (D:1)
  5 giant cockroaches
  9 goblins
  3 hobgoblins
  4 jackals
  4 kobolds
  A quokka (D:3)
  A frilled lizard (D:3)
  9 rats
50 creatures vanquished.

Notes
Turn   | Place    | Note
-------+----------+-------------------------------------------
     0 | Abyss:1  | Esekla the Octopode Abyssal Knight began the quest for the
                  | Orb.
     0 | Abyss:1  | Reached XP level 1. HP: 16/16 MP: 2/2
    72 | Abyss:1  | Noticed a tentacled starspawn
   192 | Abyss:1  | Noticed a rakshasa
   204 | Abyss:1  | Noticed a raiju
   207 | D:1      | Escaped the Abyss
   486 | D:1      | Reached XP level 2. HP: 14/21 MP: 3/3
   696 | D:1      | Found a snail-covered altar of Cheibriados.
   760 | D:1      | Reached XP level 3. HP: 26/26 MP: 4/4
   763 | D:1      | Reached * piety under Lugonu
   973 | D:2      | Reached XP level 4. HP: 23/31 MP: 5/5
   982 | D:2      | Reached skill level 1 in Stealth
  1705 | D:3      | Reached XP level 5. HP: 19/36 MP: 6/6
  1750 | D:3      | Noticed Terence
  1756 | D:3      | HP: 1/36 [iguana (12)]
  1757 | D:3      | Slain by an iguana

Levels and vault maps discovered:
D:1:      dpeg_arrival_simpleton_b, layout_basic, minmay_fountain_box,
          cheibriados_altar_1
D:2:      layout_loops_cross
D:3:      layout_basic, lemuel_zombie_altar_yredelemnul, uniq_terence

Skill      XL: |  1  2  3  4 |
---------------+-------------+-----
Long Blades    | 3 |  3.8
Stealth        | 2 |  2.3
Fighting       | |  3.5
Dodging        | |  2.7
Invocations    | |  2.2

Action                   |  1- 3 |  4- 6 || total
-------------------------+-------+-------++-------
Melee: Falchion          |    46 |    41 ||    87
       Constrict         |    12 |    15 ||    27
       Tentacles         |    11 |    10 ||    21
Throw: Dart              |       |     1 ||     1
Invok: Depart the Abyss  |     1 |       ||     1
  Use: Scroll            |     3 |       ||     3
 Stab: Sleeping          |     4 |     6 ||    10
  Eat: Chunk             |       |     3 ||     3
Armor: Skin              |     8 |     2 ||    10
Dodge: Dodged            |    38 |    24 ||    62
       Rpst.: Falchion   |    11 |    12 ||    23
